 Dungeon Crawl Stone Soup version 0.20.1-1-g8b1a95d (webtiles) character file.

34 Kingsmith the Sneak (level 3, -7/17 HPs)
             Began as a Felid Monk on Dec 10, 2017.
             Mangled by Natasha (9 damage)
             ... on level 2 of the Dungeon.
             The game lasted 00:03:09 (1666 turns).

Kingsmith the Sneak (Felid Monk)                    Turns: 1666, Time: 00:03:10

Health: -7/17      AC:  1    Str:  7    XL:     3   Next: 14%
Magic:  4/4        EV: 20    Int: 11    God:
Gold:   57         SH:  0    Dex: 19    Spells: 2/2 levels left
                                        Lives:  0   Deaths: 1

rFire    . . .     SeeInvis +     - Unarmed
rCold    . . .     Gourm    .   (shield unavailable)
rNeg     . . .     Faith    .   (armour unavailable)
rPois    .         Spirit   .   (helmet unavailable)
rElec    .         Reflect  .   (cloak unavailable)
rCorr    .         Harm     .   (gloves unavailable)
MR       .....                  (boots unavailable)
Stlth    ++++......             (no amulet)
Regen    0.1/turn               (no ring)
MPRegen  0.1/turn               (no ring)

@: quick
A: no armour, no weapons or thrown items, stealth, claws 1, fangs 3, see
invisible, carnivore 3, speed 1, shaggy fur 1, slow metabolism 1, sharp paws
a: no special abilities


You were on level 2 of the Dungeon.
You were not hungry.

You visited 1 branch of the dungeon, and saw 2 of its levels.

You collected 57 gold pieces.

Inventory:

Scrolls
 b - a scroll of fog {unknown}
 c - a scroll of recharging {unknown}
 e - a scroll of immolation {unknown}
 f - a scroll of fear {unknown}
 g - a scroll of teleportation {unknown}
 h - a scroll of remove curse {unknown}
 j - 2 scrolls of identify {unknown}
 k - a scroll of enchant weapon {unknown}
Potions
 d - 2 potions of degeneration {unknown}
Comestibles
 a - 2 meat rations
 i - a chunk of flesh


   Skills:
 - Level 3.0 Fighting
 - Level 4.0 Dodging
 + Level 6.4 Stealth
 - Level 3.0 Unarmed Combat


You had 2 spell levels left.
You didn't know any spells.

Dungeon Overview and Level Annotations

Branches:
Dungeon (2/15)

Altars:

Annotations:
D:2 Natasha


Innate Abilities, Weirdness & Mutations

You cannot wear armour.
You are incapable of wielding weapons or throwing items.
Your paws allow you to move quietly. (Stealth)
You have sharp claws.
You have razor-sharp teeth.
You have supernaturally acute eyesight. (SInv)
You are carnivorous and can eat meat at any time.
You cover ground quickly.
You are covered in fur. (AC +1)
You have a slow metabolism.
Your sharp claws are effective at attacking unaware monsters.


Message History

* * * LOW HITPOINT WARNING * * *
You scratch Natasha.
Natasha is almost dead.
Natasha claws you!
You die...
You are now level 3!
You rejoin the land of the living...
There is an escape hatch in the floor here.
Natasha casts a spell at you. The magic dart hits you!
Natasha casts a spell at you. The magic dart hits you!
Ouch! That really hurt!
* * * LOW HITPOINT WARNING * * *
Natasha completely misses you.
You closely miss Natasha.
Natasha is almost dead.
Natasha claws you!
Ouch! That really hurt!
You die...

#..........# #.########.#
#.########.########
#.......##...#....#
#########.####.#.##.#
#...#...#....#....#>##########
####.#.#.#....#.#.#..#........).#
.......#.#.##.#.#.#..##########.#
...............h@................
...............<.........#####..#
##.####..####.#.####.###.# #...
##.####..# #.#..†##.# #.# #.##
....h†.<.####.###.##.###.# #.#
#...w......##.###......#.# #.#
#.#.####.#.##...####..†#.. #.#
#.#.# #.#.##.### #[..##. #.#
#.#.# #.#....# #...##. #.#


You could see Natasha.

Vanquished Creatures
  Natasha (D:2)
  2 adders (D:2)
  An ooze (D:1)
  A worm (D:2)
  A dart slug (D:2)
  2 leopard geckos
  3 giant cockroaches
  2 goblins (D:1)
  5 hobgoblins
  3 kobolds
  A quokka (D:2)
  2 rats (D:1)
24 creatures vanquished.

Notes
Turn   | Place    | Note
-------+----------+-------------------------------------------
     0 | D:1      | Kingsmith the Felid Monk began the quest for the Orb.
     0 | D:1      | Reached XP level 1. HP: 10/10 MP: 2/2
    97 | D:1      | Reached skill level 3 in Stealth
   153 | D:1      | Reached XP level 2. HP: 14/14 MP: 3/3
   210 | D:1      | Reached skill level 4 in Stealth
  1320 | D:2      | Reached skill level 5 in Stealth
  1340 | D:2      | Reached XP level 3. HP: 16/17 MP: 4/4
  1347 | D:2      | Noticed Natasha
  1355 | D:2      | Killed Natasha
  1433 | D:2      | Reached skill level 6 in Stealth
  1565 | D:2      | Reached XP level 4. HP: 21/21 MP: 5/5
  1630 | D:2      | Noticed Natasha
  1650 | D:2      | Slain by Natasha
  1651 | D:2      | Reached XP level 3. HP: -5/17 MP: 4/4
  1666 | D:2      | Mangled by Natasha

Skill      XL: |  1  2  3 |
---------------+----------+-----
Stealth        | 3 5 6 |  6.4
Fighting       | |  3.0
Dodging        | |  4.0
Unarmed Combat | |  3.0

Action                   |  1- 3 |  4- 6 || total
-------------------------+-------+-------++-------
Melee: Unarmed           |    74 |    15 ||    89
       Bite              |    12 |     4 ||    16
 Stab: Sleeping          |     9 |       ||     9
       Distracted        |     1 |       ||     1
  Eat: Chunk             |     8 |     1 ||     9
Armor: Skin              |     1 |       ||     1
Dodge: Dodged            |    48 |    12 ||    60
